 Dungeon Crawl Stone Soup version 0.23.2 (webtiles) character file.

Game seed: 7125269931659628067

13519 Marnok the Blocker (level 11, 0/91 HPs)
             Began as a Demigod Fighter on Apr 2, 2019.
             Slain by a wraith (5 damage)
             ... on level 12 of the Dungeon.
             The game lasted 01:01:47 (15648 turns).

Marnok the Blocker (Demigod Fighter)               Turns: 15648, Time: 01:01:47

Health: 0/91       AC: 17    Str: 21    XL:     11   Next: 48%
Magic:  15/15      EV: 11    Int: 12    God:
Gold:   271        SH: 16    Dex: 24    Spells: 10/10 levels left

rFire    . . .     SeeInvis .   G - +9 flail (protect)
rCold    . . .     Gourm    .   c - +0 shield
rNeg     . . .     Faith    .   z - +0 plate armour
rPois    .         Spirit   .   b - +2 hat
rElec    .         Reflect  +   (no cloak)
rCorr    .         Harm     .   q - +1 pair of gloves
MR       +....                  (no boots)
Stlth    ..........             D - +4 amulet of reflection
HPRegen  0.25/turn              B - ring of stealth
MPRegen  0.14/turn              h - ring of flight

@: agile, slowed, invisible, very slow
A: high mp 1
a: Evoke Flight


You were on level 12 of the Dungeon.
You were hungry.

You visited 2 branches of the dungeon, and saw 14 of its levels.
You also visited: Bailey.

You collected 817 gold pieces.
You spent 546 gold pieces at shops.

Inventory:

Hand Weapons
 g - a +3 hunting sling
 G - a +9 flail of protection (weapon)
 K - a +0 short sword of speed
Missiles
 A - 27 sling bullets
 F - 32 tomahawks of returning (quivered)
Armour
 a - a +0 leather armour of fire resistance
 b - a +2 hat (worn)
 c - a +0 shield (worn)
 q - a +1 pair of gloves (worn)
 s - a cursed +0 scale mail
 w - a +2 scale mail of fire resistance
 z - a +0 plate armour (worn)
 M - a +0 troll leather armour
Jewellery
 h - a ring of flight (right hand)
 n - a cursed ring of teleportation
 x - an uncursed ring of stealth
 B - a ring of stealth (left hand)
 C - an uncursed ring of positive energy
 D - a +4 amulet of reflection (around neck)
Wands
 d - a wand of digging (15)
 j - a wand of flame (15)
 J - a wand of scattershot (7)
Scrolls
 e - 5 scrolls of remove curse
 o - a scroll of magic mapping
Potions
 m - a potion of magic
 H - a potion of flight
Comestibles
 f - 18 rations


   Skills:
 + Level 6.7 Fighting
   Level 7.5(9.0) Axes
 + Level 7.6(9.0) Maces & Flails
 + Level 3.0(4.0) Slings
 + Level 4.0(4.5) Throwing
 + Level 7.5 Armour
 + Level 2.2 Dodging
 + Level 2.9 Stealth
 + Level 8.4 Shields
 + Level 1.4 Evocations


You had 10 spell levels left.
You didn't know any spells.
Your spell library contained the following spells:

 Spells                   Type           Power        Failure   Level  Hunger
 Sting                    Conj/Pois      #...         100%        1    ##.....
 Poisonous Vapours        Pois/Air       #.....       100%        2    ###....
 Mephitic Cloud           Conj/Pois/Air  #.......     100%        3    ####...
 Olgreb's Toxic Radiance  Pois           #.......     100%        4    #####..
 Venom Bolt               Conj/Pois      #.........   100%        5    ######.


Dungeon Overview and Level Annotations

Branches:
Dungeon (13/15)            Temple (0/1) D:7            Lair (0/6) D:11
    Orc (1/2) D:11
 Vaults: D:13-14

Shops:
D:5 *   D:6 (   D:9 }

Annotations:
D:6 1 runed translucent door
D:12 Maurice


Innate Abilities, Weirdness & Mutations

You have an increased reservoir of magic. (+10% MP)


Message History

The wraith is lightly damaged.
The wraith hits you!
* * * LOW HITPOINT WARNING * * *
The wraith drains your vigour!
You feel as though you will be slow longer.
The wraith hits you but does no damage.
Okay, then.
It was a potion of agility.
You feel agile all of a sudden. The wraith hits you but does no damage.
You closely miss the wraith.
The wraith is lightly damaged.
The wraith hits you but does no damage. The wraith misses you.
You completely miss the wraith.
The wraith is lightly damaged.
You block the wraith's attack.
Okay, then.
You fade into invisibility!
The wraith hits you.
You die...

#....##+##
####......
. #......
.. #......
.. #......
.# #......
####..##.
##+###.
#W.......
#.
#@.......
#.
#.)......
#.
#.....###
#. ###...#
## ..... #
...... #
..... #
##.## # #


You could see a wraith.

Vanquished Creatures
  Gastronok (D:12)
  A hydra (D:12)
  2 unseen horrors
  An orc knight (Bailey)
  2 cyclopes
  A manticore (D:12)
  A troll (D:10)
  2 hippogriffs
  A meliai zombie (D:10)
  A wyvern (D:11)
  A human (D:9)
  8 yaks
  A vampire (D:11)
  A hungry ghost (D:8)
  Eustachio (D:4)
  4 hogs (D:9)
  The ghost of strelocc the Charmwright, an amateur OpSk (D:3)
  10 orc warriors
  An ice beast (D:8)
  2 black bears
  4 sky beasts
  A hornet zombie (D:11)
  10 ogres
  6 centaurs
  A wolf (Orc:1)
  3 big kobolds (D:9)
  3 bullfrogs
  4 scorpions
  A water moccasin skeleton (D:9)
  4 howler monkeys
  7 crimson imps
  5 hounds
  A jelly (D:8)
  4 orc wizards
  2 centaur skeletons
  3 iguanas
  5 orc priests
  A bullfrog skeleton (D:9)
  Terence (D:2)
  A worker ant (D:5)
  2 worker ant zombies
  Robin (D:2)
  8 adders
  9 gnolls
  An ooze (D:1)
  2 adder zombies
  7 worms
  A dart slug (D:3)
  7 leopard geckos
  28 orcs
  6 giant cockroaches
  23 goblins
  14 hobgoblins
  17 jackals
  3 quokkas
  3 ball pythons
  8 bats
  5 frilled lizards
  A jackal skeleton (D:9)
  28 kobolds
  A leopard gecko skeleton (D:5)
  A quokka zombie (D:5)
  6 rats
292 creatures vanquished.

Vanquished Creatures (others)
  A wizard (D:9)
  7 kobolds
8 creatures vanquished.

Grand Total: 300 creatures vanquished

Notes
Turn   | Place    | Note
-------+----------+-------------------------------------------
     0 | D:1      | Marnok the Demigod Fighter began the quest for the Orb.
     0 | D:1      | Reached XP level 1. HP: 18/18 MP: 3/3
    89 | D:1      | Reached XP level 2. HP: 22/25 MP: 4/4
   724 | D:2      | Found a hide-covered altar of Uskayaw.
   734 | D:2      | Reached XP level 3. HP: 24/31 MP: 5/5
   876 | D:2      | Reached skill level 3 in Shields
  1131 | D:2      | Noticed Robin
  1140 | D:2      | Killed Robin
  1404 | D:2      | Reached XP level 4. HP: 37/38 MP: 6/6
  1413 | D:2      | Noticed Terence
  1433 | D:2      | Killed Terence
  2549 | D:3      | Reached XP level 5. HP: 45/45 MP: 7/7
  2769 | D:3      | Noticed an air elemental
  2771 | D:3      | Found a stormy altar of Qazlal.
  2772 | D:3      | Noticed a water elemental
  2772 | D:3      | Noticed a fire elemental
  2848 | D:3      | Found a runed translucent door.
  2853 | D:3      | Noticed strelocc's ghost (amateur OpSk)
  2876 | D:3      | Killed strelocc's ghost
  2876 | D:3      | Reached skill level 1 in Dodging
  3027 | D:4      | Noticed an orc warrior
  3687 | D:5      | Entered Level 5 of the Dungeon
  3687 | D:5      | Noticed an ogre
  3708 | D:4      | Found a sparkling altar of Nemelex Xobeh.
  3721 | D:4      | Reached XP level 6. HP: 50/51 MP: 8/8
  4013 | D:4      | Found a glowing golden altar of the Shining One.
  4142 | D:4      | Reached skill level 4 in Shields
  4194 | D:4      | Noticed Eustachio
  4236 | D:4      | Killed Eustachio
  4501 | D:4      | Reached skill level 1 in Stealth
  4517 | D:4      | Reached XP level 7. HP: 35/57 MP: 9/9
  4548 | D:4      | HP: 2/57 [orc warrior/+0 scimitar (9)]
  5268 | D:4      | Reached skill level 5 in Axes
  5930 | D:5      | Found Ceadoluo's Assorted Antiques.
  5938 | D:5      | Bought 2 potions of heal wounds for 260 gold pieces
  6000 | D:5      | HP: 2/58 [ogre/+0 giant spiked club (32)]
  6455 | D:5      | Reached XP level 8. HP: 58/66 MP: 10/10
  6462 | D:5      | Found an ornate altar of the Wu Jian Council.
  6649 | D:5      | Found an opulent altar of Gozag.
  6776 | D:5      | Reached skill level 5 in Armour
  7160 | D:6      | Found a shattered altar of Ashenzari.
  7518 | D:6      | Found a glowing silver altar of Zin.
  7518 | D:6      | Noticed an angel
  7519 | D:6      | Found a runed translucent door.
  7539 | D:6      | Reached skill level 5 in Shields
  7758 | D:6      | Found Zuasol's Weapon Shoppe.
  7939 | D:7      | Found a staircase to the Ecumenical Temple.
  7946 | D:7      | Found a hazy altar of Hepliaklqana.
  8498 | D:8      | Found a bloodstained altar of Trog.
  8504 | D:8      | Found a basalt altar of Yredelemnul.
  8609 | D:8      | Found a flagged portal.
  8619 | Bailey   | Entered a bailey
  8655 | Bailey   | Noticed an orc knight
  8735 | Bailey   | Reached skill level 1 in Slings
  8735 | Bailey   | Reached XP level 9. HP: 73/73 MP: 11/11
  8895 | Bailey   | Identified the cursed +0 glaive of Valiance {freeze, rN+}
  8900 | Bailey   | HP: 3/73 [orc warrior/the cursed +0 glaive of Valiance
                  | {freeze, rN+} (7)]
  9328 | Bailey   | Reached skill level 5 in Fighting
 10088 | Bailey   | HP: 2/74 [orc warrior/the cursed +0 glaive of Valiance
                  | {freeze, rN+} (31)]
 10913 | Bailey   | Killed an orc knight
 10913 | Bailey   | Reached skill level 1 in Maces & Flails
 11324 | D:8      | Reached skill level 1 in Evocations
 11843 | D:9      | Found Cehil's Gadget Emporium.
 11852 | D:9      | Bought a wand of digging (9) for 286 gold pieces
 11886 | D:9      | Reached XP level 10. HP: 81/81 MP: 14/14
 12000 | D:9      | Reached skill level 6 in Shields
 12145 | D:9      | Found a white marble altar of Elyvilon.
 12277 | D:9      | Found a bloodstained altar of Trog.
 12280 | D:9      | Noticed a wizard
 12285 | D:9      | Killed a wizard
 12619 | D:10     | Entered Level 10 of the Dungeon
 13124 | D:10     | Killed an unseen horror
 13124 | D:10     | Reached skill level 5 in Maces & Flails
 13140 | D:9      | Reached skill level 7 in Shields
 13850 | D:11     | Found a glowing silver altar of Zin.
 13903 | D:11     | Found a staircase to the Orcish Mines.
 14025 | D:11     | Reached XP level 11. HP: 48/89 MP: 15/15
 14208 | D:11     | Found a roughly hewn altar of Beogh.
 14276 | D:11     | Killed an unseen horror
 14483 | Orc:1    | Entered Level 1 of the Orcish Mines
 14488 | Orc:1    | Noticed a two-headed ogre
 14917 | D:12     | Noticed a seven-headed hydra
 14926 | D:12     | Killed a seven-headed hydra
 14926 | D:12     | Reached skill level 8 in Shields
 15227 | D:12     | Noticed Gastronok
 15250 | D:12     | Killed Gastronok
 15532 | D:12     | Noticed Maurice
 15590 | D:12     | Noticed an eight-headed hydra
 15644 | D:12     | HP: 3/91 [wraith (9)]
 15648 | D:12     | Slain by a wraith

Skill      XL: |  1  2  3  4  5  6  7  8  9 10 11 |
---------------+----------------------------------+-----
Axes           | 2 3 4 6 7 |  7.5
Fighting       | 3 4 5 6 |  6.7
Armour         | 3 4 5 6 7 |  7.5
Shields        | 3 4 5 7 8 |  8.4
Dodging        | 1 2 |  2.2
Stealth        | 1 2 |  2.9
Slings         | 1 3 |  3.0
Maces & Flails | 3 5 7 |  7.6
Throwing       | 4 |  4.0
Evocations     | 1 |  1.4

Action                   |  1- 3 |  4- 6 |  7- 9 | 10-12 || total
-------------------------+-------+-------+-------+-------++-------
Melee: War axe           |   104 |   250 |   305 |       ||   659
       Flail             |       |       |    88 |   332 ||   420
 Fire: Hunting sling     |       |       |   276 |       ||   276
Throw: Tomahawk          |       |       |    88 |     2 ||    90
       Stone             |       |       |     2 |       ||     2
 Abil: Evoke Flight      |       |       |    15 |       ||    15
       Stop Flying       |       |       |     2 |       ||     2
  Use: Potion            |     4 |     3 |     5 |     6 ||    18
       Scroll            |     4 |    10 |    14 |     4 ||    32
 Stab: Invisible         |       |     5 |       |       ||     5
       Sleeping          |       |       |     3 |       ||     3
  Eat: Chunk             |     2 |     6 |    10 |     8 ||    26
       Ration            |       |     1 |     6 |     1 ||     8
Armor: Scale mail        |    41 |   126 |    95 |       ||   262
       Plate armour      |       |       |    22 |   263 ||   285
Dodge: Dodged            |    32 |   113 |    86 |    63 ||   294
Block: Shield            |    59 |   150 |   275 |   301 ||   785
       Reflection        |       |       |    50 |    16 ||    66
